 Dungeon Crawl Stone Soup version 0.28.0-49-g6dfe1f597d (webtiles) character file.

Game seed: 1670901632141645382

202 bobregger the Skirmisher (level 5, -2/38 HPs)
             Began as an Octopode Berserker on May 13, 2022.
             Was a Believer of Trog.
             Killed by divine providence
             ... invoked by an orc priest
              (15 damage)
             ... on level 4 of the Dungeon.
             The game lasted 00:04:57 (4248 turns).

bobregger the Skirmisher (Octopode Berserker)       Turns: 4248, Time: 00:04:58

Health: -2/38      AC:  1    Str: 17    XL:     5   Next: 80%
Magic:  5/5        EV: 14    Int:  9    God:    Trog [**....]
Gold:   143        SH:  0    Dex: 13    Spells: 4/4 levels left

rFire   . . .      SeeInvis .     - Unarmed
rCold   . . .      Faith    .   (no shield)
rNeg    . . .      Spirit   .   (helmet restricted)
rPois   .          Reflect  .   f - amulet of the acrobat
rElec   .          Harm     .   (no ring)
rCorr   .          Rampage  .   (no ring)
Will    .....                   (no ring)
Stlth   ++........              (no ring)
HPRegen 0.12/turn               (no ring)
MPRegen 0.09/turn               (no ring)
                                (no ring)
                                (no ring)

@: on berserk cooldown, slowed, very slow
A: almost no armour, amphibious, 8 rings, camouflage 1, gelatinous body 1,
(nimble swimmer 1), tentacles
a: Renounce Religion, Berserk, Trog's Hand


You were on level 4 of the Dungeon.
You worshipped Trog.
Trog was pleased with you.
You visited 1 branch of the dungeon, and saw 4 of its levels.

You collected 143 gold pieces.

Inventory:

Jewellery
 f - an amulet of the acrobat (around mantle)
Potions
 a - 6 potions of flight
 c - 2 potions of curing
 d - 2 potions of haste
 e - a potion of heal wounds {unknown}


   Skills:
 * Level 4.6 Fighting
 * Level 4.5 Dodging
 + Level 3.8 Unarmed Combat


You had 4 spell levels left.
You didn't know any spells.
Your spell library was empty.

Dungeon Overview and Level Annotations

Branches:
Dungeon (4/15)
 Temple: D:4-7

Altars:


Innate Abilities, Weirdness & Mutations

You cannot wear most types of armour.
You are amphibious.
You can wear up to eight rings at the same time.
Your skin changes colour to match your surroundings (Stealth+).
Your rubbery body absorbs attacks. (AC +1, EV +1)
((You are camouflaged when in or above water. (Stealth+)))
You have tentacles for arms and can constrict up to eight enemies at once.


Message History

You bludgeon the orc!
You kill the orc!
Trog accepts your kill.
You see here a +0 morningstar.
You tentacle-slap something. You barely miss something.
Your squeeze misses something.
You hear some strange, mumbled words.
A puff of flame appears from out of thin air!
The puff of flame misses you.
You barely miss something. You squeeze something. You miss something.
You hear some strange, mumbled words.
You are confused.
You bump into the rock wall.
Something hits you.
You tentacle-slap something. Your squeeze misses something. You miss something.
Your squeeze misses something.
You hear some strange, mumbled words.
A magic dart appears from out of thin air!
The magic dart hits you.
You miss something.
You bump into the rock wall.
Something hits you.
You bump into the rock wall.
You feel a strong urge to attack something.
You hear some strange, mumbled words.
A magic dart appears from out of thin air!
The magic dart hits you.
You bump into the rock wall.
You are no longer berserk.
You are exhausted.
You feel yourself slow down. Something hits you.
You miss something.
You feel less confused. Something barely misses you.
You tentacle-slap something.
You hear some strange, mumbled words.
A puff of flame appears from out of thin air!
The puff of flame hits you!
The orc priest mumbles some strange prayers to Beogh against you.
Beogh smites you!
You die...

.#.o....(.#
.#........+
.#o.......#
.#........#
o#........#
.'o.......# .##'######
+#
.§§§..############.#
..§§.o..o....oo{@<.#
.§♣§§♣♣P.♣##♣.♣####..#
♣.P♣§♣.♣.PP♣♣♣..P.Pr♣♣
.♣♣♣♣.♣♣♣♣....♣P♣..PP
♣ ♣.§♣ .♣♣.♣♣♣ ♣♣ ♣..♣
. . .P♣ P♣ ..♣ .


You could see an orc priest and an orc.

Vanquished Creatures
  Crazy Yiuf (D:3)
  Jessica (D:2)
  3 gnolls (D:2)
  4 adders
  An adder skeleton (D:4)
  4 worms
  2 dart slugs
  5 orcs
  3 endoplasms (D:2)
  4 giant cockroaches (D:2)
  4 goblins
  3 hobgoblins
  7 kobolds
  2 quokkas
  12 ball pythons
  4 bats
  3 frilled lizards (D:2)
  4 rats
67 creatures vanquished.

Vanquished Creatures (others)
  2 plants (D:4)
2 creatures vanquished.

Grand Total: 69 creatures vanquished

Notes
Turn   | Place    | Note
-------+----------+-------------------------------------------
     0 | D:1      | bobregger the Octopode Berserker began the quest for the
                  | Orb.
     0 | D:1      | Reached XP level 1. HP: 16/16 MP: 1/1
   143 | D:1      | Reached XP level 2. HP: 17/21 MP: 2/2
  1349 | D:2      | Reached XP level 3. HP: 23/26 MP: 3/3
  2246 | D:2      | Noticed Jessica
  2253 | D:2      | Killed Jessica
  2254 | D:2      | Reached XP level 4. HP: 33/33 MP: 4/4
  2326 | D:2      | Reached ** piety under Trog
  2658 | D:2      | Reached XP level 5. HP: 37/37 MP: 5/5
  2659 | D:2      | You fall into a shaft and drop 1 floor!
  2951 | D:3      | Found a runed translucent door.
  2952 | D:3      | Noticed Crazy Yiuf
  2998 | D:3      | Killed Crazy Yiuf
  4248 | D:4      | Killed from afar by an orc priest

Illustrated notes

Levels and vault maps discovered:
D:1:      sevenhm_arrival_forest_fort_large_1, layout_basic
D:2:      layout_basic, minmay_tromino_v2, uniq_jessica
D:3:      layout_basic, minivault_14, uniq_crazy_yiuf_cottage
D:4:      wad_woods_stonehenge, layout_basic, serial_shops, shop,
          nicolae_ossuary_entry_ruins, uniq_edmund

Skill      XL: |  1  2  3  4 |
---------------+-------------+-----
Fighting       | 4 |  4.6
Dodging        | 4 |  4.5
Unarmed Combat | |  3.8

Action                   |  1- 3 |  4- 6 || total
-------------------------+-------+-------++-------
Melee: Unarmed           |    76 |    72 ||   148
       Constrict         |    19 |    21 ||    40
       Punch             |     2 |     3 ||     5
       Tentacles         |    12 |    21 ||    33
Invok: Berserk           |     3 |     3 ||     6
  Use: Scroll            |       |     5 ||     5
 Stab: Sleeping          |     4 |     2 ||     6
Armor: Skin              |    10 |     6 ||    16
Dodge: Dodged            |    64 |    66 ||   130
